 Dungeon Crawl Stone Soup version 0.28.0-53-g5a82cb258f (webtiles) character file.

Game seed: 10875611913883766199

23 GigaChad the Slasher (level 2, -5/25 HPs)
             Began as a Minotaur Gladiator on Aug 21, 2022.
             Was a Follower of Qazlal.
             Slain by a worm (11 damage)
             ... on level 2 of the Dungeon.
             The game lasted 00:01:55 (717 turns).

GigaChad the Slasher (Minotaur Gladiator)            Turns: 717, Time: 00:01:55

Health: -5/25      AC:  3    Str: 18    XL:     2   Next: 75%
Magic:  1/1        EV: 12    Int:  5    God:    Qazlal [*.....]
Gold:   14         SH:  1    Dex: 11    Spells: 1/1 levels left

rFire   . . .      SeeInvis .   a - +0 long sword
rCold   . . .      Faith    .   (no shield)
rNeg    . . .      Spirit   .   b - +0 leather armour
rPois   .          Reflect  .   c - +0 hat
rElec   .          Harm     .   (no cloak)
rCorr   .          Rampage  .   (no gloves)
Will    .....                   (no boots)
Stlth   +.........              (no amulet)
HPRegen 0.08/turn               (no ring)
MPRegen 0.07/turn               (no ring)

@: no status effects
A: horns 2, retaliatory headbutt
a: Renounce Religion


You were on level 2 of the Dungeon.
You worshipped Qazlal.
Qazlal was aware of your devotion.
You visited 1 branch of the dungeon, and saw 2 of its levels.

You collected 14 gold pieces.

Inventory:

Hand Weapons
 a - a +0 long sword (weapon)
Missiles
 d - 3 throwing nets (quivered)
Armour
 b - a +0 leather armour (worn)
 c - a +0 hat (worn)
Scrolls
 e - a scroll of holy word {unknown}
 f - 2 scrolls of blinking {unknown}
Potions
 g - a potion of curing {unknown}


   Skills:
 + Level 2.5 Fighting
 + Level 4.1 Long Blades
 + Level 2.0 Throwing
 + Level 0.1 Armour
 + Level 4.0 Dodging


You had one spell level left.
You didn't know any spells.
Your spell library was empty.

Dungeon Overview and Level Annotations

Branches:
Dungeon (2/15)

Altars:
Qazlal


Innate Abilities, Weirdness & Mutations

You have a pair of horns on your head.
You reflexively headbutt those who attack you in melee.


Message History

Things that are here:
a +0 whip; 4 stones
g - a golden potion
Found a stone staircase leading down.
There is a stone staircase leading down here.
You see here 5 boomerangs.
Key pressed, stopping explore.
Done exploring.
Done exploring.
There is a stone staircase leading down here.
You climb downwards.
The adder hisses angrily.
Found a spear.
There is a stone staircase leading up here.
A bat and a worm come into view.
An endoplasm comes into view.
There is a stone staircase leading up here.
The adder barely misses you. You furiously retaliate!
You headbutt the adder. You miss the adder. Your headbutt misses the adder.
The adder is moderately wounded.
The adder barely misses you. The adder bites you.
You are poisoned.
The adder poisons you!
You closely miss the adder.
The adder is moderately wounded.
You feel sick. The adder misses you.
You slash the adder!
You kill the adder!
Qazlal accepts your kill.
You feel sick.
Your Dodging skill increases to level 4!
You feel sick.
You see here an adder corpse.
You feel sick.
You feel sick. The worm bites you!
* * * LOW HITPOINT WARNING * * *
There is a stone staircase leading up, spattered with blood here.
You barely miss the worm. Your headbutt misses the worm.
You feel sick.
You are no longer poisoned.
The worm bites you!
You die...

# .# .# #.# ..####
###.########..PP.#
#.......†.@w.♣
#.#.....####≈.≈P.≈.
#....... ≈≈≈≈♣≈P
#..).#...## P≈≈≈≈♣
######.... ≈≈≈≈.≈.
#..### ≈≈≈≈≈.. #..#
b≈≈≈.≈. #..#
≈wP≈≈≈.


You could see a worm.

Vanquished Creatures
  An adder (D:2)
  An endoplasm (D:1)
  A hobgoblin (D:1)
  3 kobolds (D:1)
  A quokka (D:1)
  3 bats (D:1)
  A frilled lizard (D:1)
  4 rats (D:1)
15 creatures vanquished.

Notes
Turn   | Place    | Note
-------+----------+-------------------------------------------
     0 | D:1      | GigaChad the Minotaur Gladiator began the quest for the
                  | Orb.
     0 | D:1      | Reached XP level 1. HP: 18/18 MP: 0/0
    55 | D:1      | Found a faded altar of an unknown god.
   272 | D:1      | Prayed at the altar of an unknown god.
   272 | D:1      | Became a worshipper of Qazlal Stormbringer
   272 | D:1      | Reached * piety under Qazlal
   283 | D:1      | Reached XP level 2. HP: 25/25 MP: 1/1
   717 | D:2      | Slain by a worm

Illustrated notes

Levels and vault maps discovered:
D:1:      giann_bridges, layout_loops_ring, serial_glass, glass_columns_b,
          glass_columns_c, glass_columns_a, glass_columns_a,
          hellmonk_ecumenical_altar_zigzags
D:2:      layout_basic, chequers_serial_rivers_micro_c, roderic_roman_lattice,
          serial_bayou_ford_a, serial_bayou_pond_b, uniq_robin, uniq_natasha

Skill      XL: |  1  2 |
---------------+-------+-----
Long Blades    | 4 |  4.1
Dodging        | 4 |  4.0
Fighting       | |  2.5
Throwing       | |  2.0
Armour         | |  0.1

Action                   || total
-------------------------++-------
Melee: Long sword        ||    25
       Headbutt          ||     1
Armor: Leather armour    ||     5
Dodge: Dodged            ||    17
Block: Other             ||     1
